Map: 2000 Atmospheres LE

Players

Dream

  • Race: Terran Terran

Solar - Winner!

  • Race: Zerg Zerg

Event: IEM Katowice 2022

VOD

Have the link to the VOD?

Description

Time

  • Played on: Feb. 24, 2022, 7:26 a.m.
  • Length: 19:42

All games in this series

Show
View Real Time Build Order
Export as new Build Order

Dream Terran 

Build Orders: 2 Factory, Hellion Opening 

Get SALT Encoding   

  12  0:00  SCV  
  13  0:12  SCV  
  14  0:16  Supply Depot  
  14  0:24  SCV  
  15  0:38  SCV  
  15  0:39  Barracks  
  15  0:42  Refinery  
  16  0:50  SCV  
  17  1:02  SCV  
  18  1:14  SCV  
  19  1:26  Marine, Orbital Command  
  20  1:38  Command Center  
  20  1:49  Factory  
  20  1:53  SCV  
  21  2:02  Barracks Reactor  
  21  2:05  SCV  
  22  2:09  Supply Depot  
  22  2:17  SCV  
  22  2:19  Refinery  
  23  2:31  SCV  
  24  2:41  Factory  
  24  2:43  SCV, Hellion x2  
  29  2:50  Orbital Command  
  29  2:55  SCV  
  30  3:03  Barracks Tech Lab  
  30  3:04  Hellion  
  32  3:06  Hellion  
  32  3:08  SCV  
  35  3:17  SCV  
  36  3:20  SCV  
  37  3:29  Supply Depot  
  37  3:32  Hellion x2  
  37  3:33  SCV x2  
  43  3:35  Marine  
  43  3:40  Infernal Pre-Igniter, Hellion  
  46  3:49  Supply Depot  
  46  3:51  SCV x2  
  48  3:56  Hellion x2  
  52  4:03  SCV x2  
  52  4:05  Supply Depot  
  54  4:11  Hellion  
  54  4:16  SCV x2  
  58  4:17  Supply Depot, Hellion  
  58  4:22  Hellion  
  62  4:30  Barracks Reactor, Starport  
  62  4:33  Armory  
  62  4:37  SCV x2  
  64  4:44  Widow Mine x3  
  70  4:47  Supply Depot  
  70  4:49  SCV  
  70  4:50  SCV  
  72  4:57  Supply Depot  
  72  5:01  SCV  
  72  5:02  SCV  
  72  5:11  Widow Mine x2  
  72  5:13  SCV  
  69  5:14  SCV  
  69  5:20  Siege Tank  
  65  5:25  SCV  
  65  5:26  SCV, Bunker  
  63  5:29  Bunker  
  63  5:33  Command Center  
  61  5:37  SCV  
  61  5:38  SCV  
  61  5:40  Medivac x2  
  61  5:41  Barracks Tech Lab  
  71  5:42  Widow Mine  
  71  5:43  Widow Mine  
  71  5:45  Refinery  
  71  5:46  Refinery  
  71  5:49  SCV  
  72  5:50  SCV  
  72  5:53  Siege Tank  
  72  5:55  Barracks  
  72  5:57  Barracks  
  76  6:01  SCV  
  76  6:02  SCV, Marine  
  79  6:09  Stimpack  
  79  6:10  Engineering Bay  
  79  6:11  Engineering Bay  
  79  6:13  SCV  
  79  6:14  SCV  
  81  6:20  Marine  
  81  6:23  Widow Mine x2  
  81  6:24  Medivac  
  88  6:25  SCV  
  88  6:26  SCV  
  90  6:35  Barracks x2  
  90  6:38  SCV, Marine  
  90  6:39  SCV  
  93  6:44  Siege Tank  
  92  6:48  Barracks Reactor x2, Orbital Command  
  92  6:50  SCV  
  92  6:51  SCV  
  90  6:56  Marine  
  90  7:00  Widow Mine x2  
  89  7:02  SCV  
  89  7:03  Supply Depot, SCV  
  89  7:05  Terran Infantry Weapons Level 1, Orbital Command  
  91  7:10  Terran Infantry Armor Level 1  
  91  7:13  Marine  
  91  7:14  SCV, Command Center  
  91  7:15  SCV  
  94  7:23  Barracks Tech Lab  
  94  7:24  Refinery  
  94  7:26  SCV  
  94  7:27  SCV  
  94  7:28  Barracks Tech Lab, Marine x2  
  94  7:29  Refinery  
  98  7:30  Marine x2, Siege Tank  
  98  7:36  Factory Tech Lab  
  103  7:38  SCV  
  103  7:39  SCV  
  105  7:47  Supply Depot  
  105  7:49  Marauder  
  105  7:50  Supply Depot, SCV, Marauder x2  
  112  7:51  SCV  
  112  7:54  Marine  
  112  7:55  Marine x3  
  117  8:01  Terran Vehicle Weapons Level 1  
  117  8:04  Combat Shield  
  117  8:05  Supply Depot  
  117  8:06  Supply Depot  
  117  8:09  SCV x3  
  117  8:10  Siege Tank  
  117  8:12  Siege Tank  
  126  8:13  Supply Depot  
  126  8:14  Medivac  
  126  8:19  Supply Depot, Medivac  
  130  8:20  Supply Depot  
  130  8:21  SCV  
  130  8:22  Supply Depot  
  130  8:25  Marauder  
  130  8:26  Marauder, Concussive Shells  
  135  8:27  Marauder  
  135  8:29  Marine x2  
  135  8:30  Marine  
  140  8:44  Siege Tank  
  140  8:46  Marauder  
  140  8:47  Marauder  
  147  8:50  Barracks  
  147  8:51  Barracks  
  147  8:52  Siege Tank  
  147  8:53  SCV x3  
  151  8:58  Medivac x2  
  151  8:59  Marine x2  
  151  9:00  Marine x2  
  159  9:07  Sensor Tower  
  159  9:08  Missile Turret  
  159  9:09  SCV x3  
  162  9:13  Planetary Fortress  
  162  9:15  Refinery  
  162  9:19  Refinery  
  162  9:21  SCV x3  
  165  9:26  Marauder x3  
  165  9:27  Marine x2  
  165  9:30  Marine, Terran Infantry Weapons Level 2  
  170  9:40  Barracks Reactor, Barracks Tech Lab  
  170  9:41  Marine  
  170  9:45  Marine x2  
  172  9:47  Marauder, Marine, Command Center  
  172  9:52  Siege Tank x2  
  181  9:58  Marauder  
  183  10:05  Marauder  
  183  10:06  Marauder  
  187  10:08  Marine x2  
  187  10:09  Marine, Marauder, Terran Vehicle Weapons Level 2  
  187  10:10  Terran Infantry Armor Level 2  
  192  10:17  Marine  
  192  10:19  Marauder, Marine  
  192  10:20  Supply Depot  
  192  10:21  Command Center  
  196  10:27  Marauder x2, Ghost Academy  
  190  10:30  Marauder  
  190  10:32  Armory  
  190  10:33  Factory  
  192  10:44  Command Center  
  192  10:47  Command Center  
  192  10:48  Missile Turret  
  189  10:58  Siege Tank x2  
  189  11:02  Ghost x3  
  189  11:03  Ghost  
  185  11:20  Viking x2  
  189  11:27  Personal Cloaking  
  189  11:31  Ghost x3  
  189  11:32  Marine x3  
  192  11:33  Factory Tech Lab, Orbital Command  
  192  11:34  Orbital Command  
  192  11:37  Command Center  
  192  11:39  Missile Turret  
  192  11:44  Sensor Tower  
  192  11:51  Ghost  
  194  11:59  Ghost  
  194  12:00  Command Center  
  196  12:04  Sensor Tower  
  196  12:11  Command Center  
  196  12:18  Viking x2  
  196  12:20  Missile Turret  
  200  12:30  Missile Turret, Refinery, Sensor Tower  
  200  12:32  Terran Infantry Armor Level 3, Terran Infantry Weapons Level 3  
  200  12:34  Refinery  
  200  12:35  Planetary Fortress  
  200  12:44  Missile Turret  
  200  12:47  Missile Turret  
  199  12:56  Ghost  
  199  12:58  Ghost  
  190  12:59  Ghost  
  192  13:08  Terran Vehicle Weapons Level 3  
  192  13:09  Terran Vehicle And Ship Armor Level 1  
  192  13:13  Command Center  
  192  13:15  Orbital Command  
  192  13:21  Missile Turret  
  192  13:22  Enhanced Shockwaves  
  192  13:27  Orbital Command  
  192  13:29  Orbital Command  
  192  13:33  Ghost x2  
  196  13:43  Ghost  
  196  13:44  Ghost  
  156  14:05  Ghost  
  156  14:06  Ghost  
  152  14:10  Siege Tank  
  152  14:12  Ghost, Siege Tank  
  152  14:13  Ghost  
  152  14:16  Siege Tank  
  163  14:18  Marine x6  
  169  14:26  Command Center  
  169  14:30  Missile Turret  
  169  14:32  Sensor Tower  
  169  14:34  Ghost x2  
  169  14:36  Marine  
  174  14:40  Ghost  
  174  14:41  Marine x5  
  174  14:42  Ghost  
  182  14:54  Marine  
  182  14:59  Marine x3  
  148  15:02  Ghost  
  148  15:03  Ghost  
  145  15:09  Ghost, Marine x2  
  145  15:11  Marauder, Siege Tank x2  
  145  15:12  Marine, Siege Tank  
  161  15:15  Medivac x2  
  161  15:16  Marine  
  161  15:17  Marine  
  167  15:26  Marine  
  167  15:27  Marine  
  167  15:29  Marine x2  
  167  15:31  Ghost x2  
  167  15:32  Marauder  
  166  15:37  Ghost  
  156  15:45  Marine  
  153  15:50  Siege Tank x2  
  153  15:52  Siege Tank  
  153  15:53  Marauder  
  153  15:56  Medivac  
  163  15:58  Marine x2  
  163  16:00  Ghost x2  
  163  16:01  Marine x2  
  163  16:03  Marine  
  172  16:05  Orbital Command  
  172  16:07  Marauder  
  172  16:09  Missile Turret  
  172  16:10  Marine  
  175  16:15  Marauder  
  145  16:27  Ghost, Marine x2  
  145  16:28  Ghost x2  
  145  16:30  Siege Tank x2  
  145  16:36  Marauder  
  145  16:37  Marine x2  
  145  16:38  Marine  
  141  16:43  Siege Tank  
  139  16:51  Marine x3  
  142  16:55  Marine x2  
  142  16:56  Ghost  
  142  16:57  Ghost, Marauder  
  142  16:58  Marauder  
  150  17:02  Marine, Siege Tank  
  140  17:09  Marine x2  
  140  17:15  Siege Tank x2  
  137  17:17  Marine x3  
  137  17:18  Ghost  
  137  17:19  Marauder  
  137  17:20  Marine  
  143  17:25  Marauder  
  143  17:26  Marine  
  146  17:34  Siege Tank  
  134  17:39  Marine  
  134  17:40  Ghost  
  134  17:41  Marine  
  134  17:43  Ghost  
  140  17:46  Ghost  
  140  17:49  Ghost, Marine  
  140  17:50  Marine  
  146  17:52  Orbital Command  
  124  17:59  Marine  
  124  18:04  Orbital Command  
  114  18:15  Ghost  
  114  18:20  Planetary Fortress  
  114  18:31  SCV x2  
  117  18:34  SCV  
  117  18:37  Missile Turret, Sensor Tower  
  117  18:39  Siege Tank  
  117  18:40  Siege Tank  
  123  18:45  SCV x2, Refinery x2  
  123  18:46  SCV  
  126  18:55  SCV x3  
  125  18:59  Medivac x2  
  127  19:04  SCV  
  127  19:08  Ghost  
  127  19:09  Marine  
  131  19:12  Marine x4  
  131  19:13  Marauder  
  131  19:14  Missile Turret  
Show
View Real Time Build Order
Export as new Build Order

Solar Zerg - Winner!

Build Orders: Hatch First, Lurkers 

Get SALT Encoding   

  12  0:00  Drone  
  13  0:12  Overlord  
  13  0:17  Drone  
  14  0:31  Drone x2  
  16  0:48  Hatchery  
  15  0:52  Drone  
  15  0:55  Drone  
  17  0:59  Drone  
  18  1:10  Extractor  
  17  1:15  Spawning Pool  
  16  1:18  Drone  
  16  1:22  Drone  
  18  1:29  Drone  
  19  1:39  Drone  
  20  1:49  Drone  
  21  2:01  Queen x2  
  21  2:02  Zergling x4  
  27  2:12  Overlord  
  27  2:14  Metabolic Boost  
  27  2:23  Drone  
  28  2:30  Hatchery  
  28  2:32  Drone  
  28  2:36  Drone  
  29  2:43  Queen  
  31  2:46  Drone  
  31  2:49  Overlord  
  32  2:52  Drone  
  32  2:55  Drone  
  32  2:58  Drone x2  
  36  3:08  Drone x2  
  36  3:09  Drone x3  
  41  3:15  Queen  
  41  3:19  Overlord  
  43  3:22  Drone  
  44  3:28  Overlord  
  44  3:33  Overlord  
  43  3:38  Zergling x4  
  45  3:41  Zergling x2  
  45  3:42  Drone x2  
  45  3:44  Queen  
  45  3:45  Drone  
  51  3:50  Drone  
  51  3:52  Overlord  
  51  3:53  Zergling x2  
  53  3:55  Queen  
  53  3:59  Drone x2  
  53  4:01  Overlord  
  57  4:05  Zergling x4  
  57  4:07  Drone  
  60  4:12  Drone  
  60  4:14  Drone  
  62  4:18  Overlord  
  62  4:21  Spore Crawler  
  62  4:22  Drone  
  64  4:24  Drone x3  
  64  4:25  Drone  
  64  4:27  Roach Warren  
  65  4:32  Queen  
  65  4:35  Drone x2  
  65  4:36  Spore Crawler  
  65  4:37  Drone x2  
  70  4:38  Drone  
  70  4:43  Extractor  
  70  4:44  Lair  
  70  4:45  Extractor  
  69  4:46  Drone  
  69  4:49  Spore Crawler  
  69  4:52  Drone x2  
  71  4:53  Drone  
  71  4:55  Overlord  
  70  5:07  Zergling x8  
  70  5:09  Drone  
  70  5:11  Drone  
  64  5:15  Drone  
  64  5:17  Roach x2  
  64  5:18  Roach x2  
  64  5:20  Evolution Chamber  
  65  5:32  Drone x5  
  65  5:34  Drone  
  71  5:40  Drone  
  71  5:43  Overseer, Drone  
  71  5:45  Drone  
  73  5:53  Drone  
  73  5:54  Evolution Chamber  
  73  5:55  Evolution Chamber, Glial Reconstitution  
  73  5:56  Drone  
  73  5:57  Drone  
  74  6:03  Drone  
  75  6:06  Drone x2  
  75  6:07  Drone x2  
  75  6:10  Drone x7  
  86  6:18  Drone x2, Overlord  
  86  6:22  Extractor  
  86  6:23  Extractor  
  86  6:24  Zerg Missile Weapons Level 1, Zerg Ground Armor Level 1  
  86  6:25  Drone, Extractor  
  86  6:28  Drone  
  86  6:30  Overseer  
  86  6:31  Roach  
  89  6:35  Roach x3  
  89  6:37  Overlord  
  89  6:38  Roach  
  97  6:44  Drone x3  
  97  6:45  Drone  
  96  6:48  Drone x2  
  95  6:54  Drone  
  95  6:55  Infestation Pit  
  95  6:56  Drone  
  95  6:58  Drone  
  97  7:03  Drone x2  
  97  7:04  Drone x2  
  101  7:11  Overlord  
  101  7:13  Overlord  
  101  7:17  Drone x2  
  101  7:19  Hatchery  
  101  7:22  Overseer, Pneumatized Carapace  
  102  7:24  Roach, Hydralisk Den  
  102  7:27  Roach  
  105  7:31  Drone x5  
  110  7:38  Hive  
  110  7:40  Drone  
  110  7:43  Extractor  
  110  7:45  Drone  
  110  7:47  Drone  
  110  7:48  Roach  
  110  7:49  Roach x3  
  120  7:52  Overlord  
  120  7:55  Drone, Extractor, Spore Crawler  
  119  7:59  Drone  
  119  8:00  Drone, Lurker Den  
  120  8:06  Drone x2  
  120  8:08  Overlord x2  
  120  8:09  Overlord  
  120  8:11  Overlord  
  122  8:15  Drone  
  122  8:17  Hydralisk x2  
  127  8:21  Roach, Zerg Missile Weapons Level 2  
  129  8:27  Zerg Ground Armor Level 2  
  129  8:29  Hydralisk  
  129  8:32  Hydralisk  
  133  8:34  Overlord  
  133  8:35  Zergling x4  
  133  8:39  Drone x3  
  133  8:41  Drone  
  137  8:44  Queen  
  137  8:47  Hydralisk  
  141  8:49  Overlord  
  141  8:51  Viper  
  141  8:52  Viper  
  147  8:56  Overlord  
  147  9:01  Adaptive Talons  
  147  9:05  Lurker x2  
  147  9:07  Spore Crawler  
  147  9:09  Lurker  
  149  9:13  Lurker  
  149  9:14  Drone x3, Overlord  
  153  9:19  Zergling x6  
  153  9:20  Zergling x4  
  158  9:25  Lurker  
  159  9:31  Drone  
  159  9:32  Hatchery, Hydralisk x4, Spore Crawler  
  165  9:39  Overseer  
  165  9:43  Nydus Network, Grooved Spines  
  165  9:44  Drone x2  
  165  9:45  Drone x3  
  169  9:46  Drone  
  169  9:47  Drone  
  169  9:50  Zergling x6  
  172  9:56  Roach x2, Ravager x2  
  172  9:57  Ravager x2  
  172  9:58  Extractor  
  179  10:01  Extractor  
  179  10:02  Lurker  
  179  10:07  Zergling x10  
  179  10:12  Lurker x2  
  186  10:24  Seismic Spines  
  186  10:26  Drone x3  
  187  10:30  Lurker  
  187  10:31  Hydralisk x3  
  187  10:32  Hydralisk  
  192  10:46  Drone  
  192  10:47  Drone x2  
  192  10:48  Drone  
  196  10:52  Drone  
  196  10:54  Muscular Augments  
  197  10:59  Drone  
  197  11:00  Zerg Ground Armor Level 3, Zerg Missile Weapons Level 3  
  197  11:01  Drone  
  197  11:02  Drone  
  200  11:09  Drone  
  198  11:12  Drone  
  198  11:15  Overseer  
  198  11:16  Drone  
  198  11:18  Zergling x6  
  198  11:23  Spore Crawler  
  194  11:38  Hydralisk x2  
  194  11:39  Overlord x3  
  198  11:40  Burrow  
  198  11:41  Adrenal Glands  
  198  11:42  Baneling Nest  
  197  11:50  Overlord  
  197  11:54  Lurker  
  197  11:56  Overlord  
  197  12:01  Zergling x4  
  200  12:08  Spine Crawler  
  199  12:16  Hatchery  
  198  12:23  Nydus Canal  
  198  12:26  Centrifugal Hooks  
  198  12:29  Zergling x24  
  200  12:31  Hatchery, Drone  
  198  12:56  Zergling x24  
  192  12:59  Nydus Canal  
  192  13:00  Hydralisk x3  
  192  13:01  Hydralisk  
  192  13:03  Hydralisk x4  
  192  13:04  Hydralisk x2  
  196  13:06  Hydralisk  
  196  13:07  Zergling x2  
  199  13:19  Baneling  
  199  13:20  Baneling x20  
  199  13:37  Drone, Zerg Melee Weapons Level 1  
  176  13:56  Hydralisk  
  176  13:57  Hydralisk x2  
  176  13:58  Zergling x54  
  176  13:59  Hydralisk x2  
  176  14:00  Hatchery, Zergling x20  
  195  14:06  Hydralisk x2  
  181  14:10  Hydralisk x4  
  181  14:11  Hydralisk x3  
  181  14:14  Zergling x8  
  180  14:17  Overseer, Zergling x14  
  180  14:18  Overseer x3  
  180  14:19  Nydus Canal  
  180  14:22  Baneling x16  
  180  14:23  Viper  
  190  14:24  Lurker  
  190  14:25  Lurker x4  
  190  14:26  Overseer  
  190  14:31  Baneling x4, Zergling x2  
  195  14:32  Zergling x6  
  195  14:36  Drone  
  195  14:38  Hatchery  
  198  14:40  Hydralisk x7  
  198  14:43  Drone  
  187  14:53  Zergling x20  
  187  14:55  Hydralisk x3  
  187  14:58  Zergling x12  
  187  14:59  Zergling x20  
  176  15:04  Hydralisk x2  
  176  15:05  Zergling x4  
  176  15:07  Hydralisk x3  
  163  15:09  Hydralisk x5  
  163  15:11  Baneling x12  
  163  15:12  Baneling x2, Hydralisk x2  
  180  15:14  Lurker x3  
  180  15:15  Lurker  
  180  15:16  Zergling x6  
  180  15:20  Hydralisk x7  
  194  15:23  Baneling x3  
  194  15:24  Baneling  
  194  15:26  Hydralisk x2  
  194  15:27  Zergling x2  
  199  15:31  Overseer x2  
  177  15:36  Zergling x20  
  177  15:37  Zergling x8  
  177  15:39  Hydralisk x4  
  177  15:42  Zergling x16  
  190  15:43  Baneling x2  
  190  15:46  Zergling x4  
  184  15:50  Zergling x6  
  184  15:54  Zergling x6  
  185  15:58  Lurker x12  
  185  15:59  Lurker  
  198  16:08  Zerg Melee Weapons Level 2  
  198  16:13  Baneling x2  
  198  16:14  Baneling x11  
  198  16:16  Drone  
  197  16:23  Zergling x36  
  191  16:27  Overseer x3  
  191  16:28  Zergling x12  
  191  16:30  Hydralisk  
  191  16:32  Zergling x4  
  186  16:37  Zergling x14  
  186  16:39  Zergling x6  
  188  16:43  Zergling x10  
  188  16:46  Zergling x8  
  192  16:51  Drone x3  
  195  16:54  Zergling x10  
  195  17:00  Hydralisk x2  
  199  17:05  Hydralisk x2  
  199  17:07  Hydralisk x2  
  197  17:14  Hydralisk x2  
  182  17:15  Zergling x2  
  182  17:16  Zergling x18  
  182  17:20  Zergling x16  
  182  17:22  Zergling x6  
  192  17:23  Overseer  
  192  17:29  Zergling x16  
  191  17:31  Zergling x6  
  191  17:32  Zergling x2  
  191  17:35  Zergling x2  
  191  17:36  Zergling x6  
  193  17:37  Baneling x4  
  193  17:38  Baneling  
  193  17:40  Zergling x2  
  193  17:41  Zergling x4  
  191  17:46  Zergling x2  
  191  17:47  Zergling x4  
  188  17:54  Zergling x22  
  173  17:58  Hydralisk x2  
  173  17:59  Hydralisk  
  173  18:00  Hydralisk  
  173  18:04  Hydralisk x2  
  173  18:05  Hydralisk  
  162  18:07  Zergling x4  
  159  18:14  Baneling x16  
  159  18:22  Zergling x4  
  159  18:26  Lurker x4  
  166  18:27  Lurker  
  166  18:28  Lurker  
  166  18:29  Lurker x2  
  166  18:31  Lurker  
  170  18:35  Hydralisk x2  
  170  18:39  Hydralisk x2, Nydus Canal  
  178  18:42  Overlord  
  178  18:46  Zergling x2  
  178  18:47  Overseer, Zergling x12  
  184  18:51  Zergling x2  
  184  18:52  Hatchery, Zergling x8  
  184  18:53  Nydus Canal  
  184  18:55  Zergling x4  
  186  19:01  Drone x3  
  187  19:03  Lurker  
  187  19:04  Lurker x2  
  187  19:05  Zergling x12  
  187  19:06  Zergling x2  
  187  19:09  Zergling x6  
  200  19:17  Zergling x8  
  168  19:25  Zergling x30  

Tags
 
Add a new tag
Caveats
  • Supply blocks, unpowered buildings, or Contaminate may cause inaccurate times.
  • Supply counts are checked every 10 seconds.